[Event "Titled Tuesday Blitz January 10 Early 2023"]
[White "marik_spb"]
[Black "Begmuratov, Khumoyun"]
[BlackFideId "14210207"]
[WhiteElo "2432"]
[BlackElo "2387"]
[Result "1/2-1/2"]
[Round "01"]
[TimeControl "180+2"]
[Date "2023.01.10"]
[WhiteClock "0:00:09"]
[BlackClock "0:00:05"]

1. d4 Nf6 2. c4 e6 3. g3 Bb4+ 4. Bd2 Be7 5. Bg2 d5 6. Nf3 c6 7. Qc2 O-O 8. O-O b6 9. b3 Nbd7 10. Rd1 Ba6 11. a4 Rc8 12. a5 c5 13. axb6 Qxb6 14. Qa2 Bb7 15. Ba5 Qa6 16. Nbd2 cxd4 17. Nxd4 Bc5 18. e3 dxc4 19. Nxc4 Bxg2 20. Kxg2 e5 21. Nf5 Qe6 22. Nfd6 Rc6 23. Nb5 Qf5 24. Qe2 Qe6 25. Bc3 a6 26. Nba3 Nd5 27. Be1 e4 28. Nc2 N7f6 29. Nd4 Bxd4 30. Rxd4 h5 31. h4 Qf5 32. Kg1 g6 33. Ra5 Qe6 34. Ra1 Rb8 35. Qc2 Ne7 36. Rad1 Qh3 37. Rd8+ Rxd8 38. Rxd8+ Kg7 39. Qb2 Rc8 40. Rxc8 Qxc8 41. Nd6 Qe6 42. Nc4 Nd5 43. Bc3 Nxc3 44. Qxc3 Qd5 45. Nd2 Qe6 46. Kg2 Kg8 47. Qd4 Qf5 48. Qd8+ Kg7 49. Qd4 a5 50. Nc4 Qb5 51. Nd6 Qc6 52. Kg1 Qc1+ 53. Kg2 Qc6 54. Kh2 Qa6 55. Nxe4 Qe6 56. Nxf6 Qxf6 57. Qxf6+ Kxf6 58. Kg2 Ke5 59. Kf3 Kd5 60. Kf4 Kc5 61. Ke5 Kb4 62. Kf6 Kxb3 63. Kxf7 a4 64. e4 a3 65. e5 a2 66. e6 a1=Q 67. e7 Qa2 68. e8=Q Qxf2+ 69. Kxg6 Qxg3+ 70. Kxh5 Qf3+ 71. Kg5 Qg3+ 72. Kh5 Qf3+ 73. Kg5 Qg3+ 74. Kh5 1/2-1/2


[Site "https://www.chess.com"]

[Event "Titled Tuesday Blitz January 10 Early 2023"]
[White "Karthik Rajaa"]
[Black "Stanojevic, Ilija"]
[WhiteFideId "25035215"]
[BlackFideId "959995"]
[WhiteElo "2276"]
[BlackElo "2142"]
[Result "1-0"]
[Round "01"]
[TimeControl "180+2"]
[Date "2023.01.10"]
[WhiteClock "0:00:28"]
[BlackClock "0:00:13"]

1. e4 d6 2. d4 Nf6 3. Nc3 Nbd7 4. Be3 e5 5. dxe5 dxe5 6. Bc4 Be7 7. h3 c6 8. a4 h6 9. Nge2 Qc7 10. g4 b6 11. Ng3 g6 12. Qf3 Bb7 13. O-O-O O-O-O 14. Bxf7 Rhf8 15. Bxg6 Nd5 16. Nxd5 cxd5 17. Bf5 d4 18. Bxh6 Rf6 19. Bg5 Kb8 20. Bxf6 Bxf6 21. Kb1 Nc5 22. Qa3 Be7 23. Qa2 Ba6 24. Rc1 Nb7 25. Rhd1 Bc4 26. b3 Bf7 27. c3 d3 28. c4 Nc5 29. Rc3 a5 30. Nf1 Bg5 31. h4 Bf4 32. g5 Qc6 33. Ne3 Nxe4 34. Rcxd3 Rxd3 35. Rxd3 Nd6 36. Qc2 Nxf5 37. Nxf5 Kb7 38. Ne3 Bg6 39. Kb2 Bxd3 40. Qxd3 Qc5 41. Qd5+ Kc7 42. Qxc5+ bxc5 43. Nd5+ Kd6 44. Nxf4 exf4 45. Kc2 Ke5 46. Kd3 Kf5 47. f3 Ke5 48. g6 Kf6 49. h5 1-0


[Site "https://www.chess.com"]

[Event "Titled Tuesday Blitz January 10 Early 2023"]
[White "Topalov, Aleksandar"]
[Black "Subelj, Jan"]
[WhiteFideId "925659"]
[BlackFideId "14618583"]
[WhiteElo "2233"]
[BlackElo "2513"]
[Result "1/2-1/2"]
[Round "01"]
[TimeControl "180+2"]
[Date "2023.01.10"]
[WhiteClock "0:00:04"]
[BlackClock "0:00:32"]

1. b3 Nc6 2. Bb2 Nf6 3. c4 g6 4. e3 Bg7 5. Nf3 O-O 6. Be2 d6 7. O-O e5 8. a3 a5 9. d3 Nh5 10. Nfd2 Qh4 11. Nf3 Qe7 12. Nfd2 Nf6 13. Nc3 Be6 14. Qc2 d5 15. cxd5 Nxd5 16. Nxd5 Bxd5 17. Ne4 f5 18. Nc5 b6 19. e4 Qxc5 20. Qxc5 bxc5 21. exd5 Nd4 22. Bxd4 cxd4 23. Bf3 Rab8 24. Rab1 Rfc8 25. Rfc1 Bf8 26. a4 Bd6 27. g4 Kf7 28. Rc6 Rb6 29. Rbc1 Rcb8 30. gxf5 gxf5 31. Rxb6 Rxb6 32. Rb1 Kf6 33. h4 Be7 34. Rc1 Bd6 35. Rb1 Rb8 36. Kf1 Re8 37. Re1 Bb4 38. Re2 Bc3 39. Bh5 Rb8 40. f4 exf4 41. Re6+ Kg7 42. Re7+ Kh6 43. Bd1 Rg8 44. Rxc7 Bd2 45. d6 Be3 46. d7 Rg1+ 47. Ke2 Rg2+ 48. Ke1 Rg1+ 49. Ke2 Rg2+ 50. Ke1 Rg1+ 51. Ke2 1/2-1/2


[Site "https://www.chess.com"]

[Event "Titled Tuesday Blitz January 10 Early 2023"]
[White "Blohberger, Felix"]
[Black "Mogirzan, Matei-Valeriu"]
[WhiteFideId "1632051"]
[BlackFideId "1257455"]
[WhiteElo "2501"]
[BlackElo "1813"]
[Result "1-0"]
[Round "01"]
[TimeControl "180+2"]
[Date "2023.01.10"]
[WhiteClock "0:01:14"]
[BlackClock "0:00:03"]

1. e4 e5 2. Nf3 Nf6 3. d3 Bc5 4. Be2 Nc6 5. O-O d6 6. c3 O-O 7. h3 Bb6 8. Nbd2 Nh5 9. Nc4 Nf4 10. Bxf4 exf4 11. d4 d5 12. exd5 Qxd5 13. a4 a6 14. Nxb6 cxb6 15. Bd3 f5 16. Re1 h6 17. Qe2 Qd8 18. d5 Nb8 19. Qe5 Nd7 20. Qxf4 Nf6 21. d6 Ne4 22. Rad1 Qf6 23. Bxe4 fxe4 24. Qxf6 Rxf6 25. Rxe4 Bd7 26. Ne5 Bf5 27. Rb4 a5 28. Rxb6 Bc2 29. Rd2 Bxa4 30. Rxb7 Re6 31. f4 Rf8 32. d7 Rd8 33. Rc7 Kf8 34. Rc8 Ke7 35. Rxd8 Kxd8 36. Nf7+ 1-0


[Site "https://www.chess.com"]

[Event "Titled Tuesday Blitz January 10 Early 2023"]
[White "Saya, Ethan"]
[Black "Goryachkina, Aleksandra"]
[WhiteFideId "26095181"]
[BlackFideId "4147103"]
[WhiteElo "2181"]
[BlackElo "2571"]
[Result "0-1"]
[Round "01"]
[TimeControl "180+2"]
[Date "2023.01.10"]
[WhiteClock "0:00:10"]
[BlackClock "0:00:13"]

1. e4 c5 2. Nf3 e6 3. g3 Nc6 4. Bg2 Nf6 5. d3 d5 6. exd5 exd5 7. O-O Be7 8. d4 O-O 9. dxc5 Bxc5 10. Nbd2 h6 11. Nb3 Bb6 12. h3 Ne4 13. Nbd4 Qf6 14. c3 Be6 15. Be3 Rad8 16. Qe2 Rfe8 17. Rad1 Bc8 18. Qd3 Na5 19. b3 Nc6 20. Nxc6 bxc6 21. Bxb6 axb6 22. c4 dxc4 23. Qxc4 Rxd1 24. Rxd1 Bxh3 25. Qd4 Bxg2 26. Qxf6 Nxf6 27. Kxg2 Re2 28. Rd2 Rxd2 29. Nxd2 Kf8 30. Nc4 Nd7 31. Kf3 Ke7 32. Ke4 Ke6 33. b4 b5 34. Na5 Nf6+ 35. Kd4 Kd7 36. Nb3 h5 37. Nc5+ Kc7 38. a4 bxa4 39. Nxa4 Ng4 40. f4 Nh6 41. Ke4 g6 42. Nc3 Nf5 43. Kf3 Kb6 44. g4 hxg4+ 45. Kxg4 Ne3+ 46. Kg5 Nd5 47. Na2 Kb5 48. f5 gxf5 49. Kxf5 Nxb4 50. Nc3+ Kc4 51. Ne4 Kd5 52. Nc3+ Kd4 53. Na4 Nd5 54. Nb2 c5 55. Kg5 c4 56. Nd1 c3 57. Nxc3 Kxc3 58. Kf5 Kd4 59. Kg5 Ke5 60. Kg4 f5+ 61. Kf3 f4 62. Kf2 Ke4 63. Ke2 f3+ 64. Kf2 Nf4 65. Kg1 Nd3 66. Kf1 Ke3 67. Kg1 Ke2 68. Kh1 f2 69. Kh2 f1=Q 70. Kg3 Qf4+ 71. Kh3 Qg5 72. Kh2 Kf2 73. Kh3 Qg3# 0-1


[Site "https://www.chess.com"]

[Event "Titled Tuesday Blitz January 10 Early 2023"]
[White "Starozhilov, Leonid"]
[Black "Langner, Ladislav"]
[WhiteFideId "14106752"]
[BlackFideId "300403"]
[WhiteElo "2313"]
[BlackElo "2368"]
[Result "1-0"]
[Round "01"]
[TimeControl "180+2"]
[Date "2023.01.10"]
[WhiteClock "0:00:55"]
[BlackClock "0:00:41"]

1. e4 c5 2. Nf3 e6 3. c4 Nc6 4. d4 cxd4 5. Nxd4 Nf6 6. Nc3 Bb4 7. Nxc6 dxc6 8. Qxd8+ Kxd8 9. e5 Ne4 10. a3 Bxc3+ 11. bxc3 Nc5 12. Bg5+ Kc7 13. a4 a5 14. h4 h6 15. Be7 Nd7 16. Bd6+ Kd8 17. c5 f6 18. f4 b6 19. cxb6 Nxb6 20. Be2 Nd5 21. c4 Nxf4 22. exf6 Nxe2 23. f7 Nd4 24. Rd1 Nc2+ 25. Kf2 Ba6 26. f8=Q+ Rxf8+ 27. Bxf8+ Kc7 28. Bxg7 Bxc4 29. Bxh6 Nb4 30. Bg7 Nd3+ 31. Ke3 Rg8 32. Rxd3 Bxd3 33. Be5+ Kb6 34. Kxd3 Rxg2 35. h5 Rg5 36. Ke4 1-0


[Site "https://www.chess.com"]

[Event "Titled Tuesday Blitz January 10 Early 2023"]
[White "Kaminski, Victor"]
[Black "Goltsev, Dmitry"]
[WhiteFideId "1131630"]
[BlackFideId "24176710"]
[WhiteElo "2247"]
[BlackElo "2269"]
[Result "0-1"]
[Round "01"]
[TimeControl "180+2"]
[Date "2023.01.10"]
[WhiteClock "0:00:01"]
[BlackClock "0:00:46"]

1. e4 e6 2. d4 d5 3. Nd2 c5 4. exd5 exd5 5. Ngf3 Nf6 6. Bb5+ Nc6 7. O-O Be7 8. Ne5 O-O 9. Bxc6 bxc6 10. Nxc6 Qc7 11. Nxe7+ Qxe7 12. Re1 Qc7 13. dxc5 Bg4 14. Nf3 Qxc5 15. Be3 Qc4 16. c3 a6 17. Bd4 Ne4 18. Ne5 Bxd1 19. Nxc4 Bh5 20. Nb6 Rad8 21. f3 Nd2 22. Re5 Bxf3 23. Be3 Rd6 24. Bc5 Rg6 25. g3 Rd8 26. Rf1 Nxf1 27. Kxf1 Be4 28. Bd4 h5 29. a4 h4 30. gxh4 Rdd6 31. a5 Rdf6+ 32. Ke1 Rf3 33. h5 Rg2 34. h6 Bd3 0-1


[Site "https://www.chess.com"]

[Event "Titled Tuesday Blitz January 10 Early 2023"]
[White "Hambleton, Aman"]
[Black "Kuznecovs, Nikita"]
[WhiteFideId "2606577"]
[BlackFideId "11604557"]
[WhiteElo "2420"]
[BlackElo "2287"]
[Result "0-1"]
[Round "01"]
[TimeControl "180+2"]
[Date "2023.01.10"]
[WhiteClock "0:00:02"]
[BlackClock "0:00:20"]

1. d4 Nf6 2. c4 e6 3. Nc3 Bb4 4. Qc2 c5 5. dxc5 Bxc5 6. Nf3 Qb6 7. e3 Qc7 8. Be2 b6 9. g4 h6 10. Rg1 Bb7 11. h4 Nc6 12. g5 hxg5 13. hxg5 Ng8 14. a3 a5 15. b3 Nge7 16. Bb2 Nf5 17. Nb5 Qb8 18. O-O-O a4 19. b4 Nxb4 20. axb4 Bxb4 21. Be5 d6 22. Ba1 Rg8 23. e4 Ne7 24. Kb1 a3 25. Ka2 Nc6 26. Qb3 Bc5 27. Bc3 Na5 28. Qc2 Bc6 29. e5 dxe5 30. Bxe5 Qb7 31. Nc7+ Ke7 32. Nxa8 Bxf3 33. Bxf3 Qxf3 34. Nc7 Nc6 35. Bg3 Nb4+ 36. Kb1 Nxc2 37. Kxc2 Rc8 38. Rd3 Qe4 39. Nb5 Qxc4+ 40. Nc3 a2 41. Rgd1 Bd4 42. Kd2 Bxc3+ 43. Ke2 a1=Q 44. Bd6+ Ke8 0-1


[Site "https://www.chess.com"]

[Event "Titled Tuesday Blitz January 10 Early 2023"]
[White "Leschinsky, Gary"]
[Black "Orozbaev, Eldiar"]
[WhiteFideId "30951321"]
[BlackFideId "13802240"]
[WhiteElo "1969"]
[BlackElo "2235"]
[Result "0-1"]
[Round "01"]
[TimeControl "180+2"]
[Date "2023.01.10"]
[WhiteClock "0:00:49"]
[BlackClock "0:00:59"]

1. d4 Nf6 2. c4 e6 3. Nc3 d5 4. cxd5 exd5 5. Bg5 Be7 6. e3 c6 7. Bd3 O-O 8. Qc2 h6 9. Bh4 Re8 10. Nge2 b6 11. O-O Na6 12. a3 Bb7 13. Rfd1 Nc7 14. Rac1 Ne6 15. h3 Rc8 16. Qa4 a5 17. Qc2 c5 18. Bb5 Bc6 19. Bxc6 Rxc6 20. dxc5 Rxc5 21. Qd3 g5 22. Bg3 Qd7 23. Nd4 Nxd4 24. Qxd4 Qe6 25. Ne2 Rec8 26. Rxc5 bxc5 27. Qd3 Ne4 28. Qxd5 Rd8 29. Qxd8+ Bxd8 30. Rxd8+ Kh7 31. h4 Qf6 32. Re8 Nxg3 33. Nxg3 Qxb2 34. hxg5 hxg5 35. Ne4 c4 36. Nxg5+ Kg7 37. Rc8 c3 0-1


[Site "https://www.chess.com"]

[Event "Titled Tuesday Blitz January 10 Early 2023"]
[White "Kosteniuk, Alexandra"]
[Black "Kotepalli, Sai Nirupama"]
[WhiteFideId "4128125"]
[BlackFideId "5039444"]
[WhiteElo "2535"]
[BlackElo "1910"]
[Result "1-0"]
[Round "01"]
[TimeControl "180+2"]
[Date "2023.01.10"]
[WhiteClock "0:01:25"]
[BlackClock "0:00:45"]

1. d4 g6 2. e4 Bg7 3. Nc3 d6 4. Nf3 Nf6 5. Be3 O-O 6. Qd2 Nbd7 7. O-O-O a6 8. Bh6 c5 9. Bxg7 Kxg7 10. dxc5 Nxc5 11. e5 Ng4 12. h3 Nh6 13. exd6 exd6 14. Qxd6 Qxd6 15. Rxd6 Be6 16. Be2 Nf5 17. Rd2 b5 18. g4 Ne7 19. Ng5 b4 20. Nce4 Nxe4 21. Nxe4 Bd5 22. f3 a5 23. c4 Bxe4 24. fxe4 Nc6 25. c5 Rac8 26. Kb1 Rc7 27. Rc1 Re8 28. Bf3 Ne5 29. Bg2 Rec8 30. Rd5 Nd7 31. c6 Nb6 32. Rdc5 Kf6 33. e5+ Ke6 34. Rxa5 1-0


[Site "https://www.chess.com"]

[Event "Titled Tuesday Blitz January 10 Early 2023"]
[White "Nugumanov, Bakhtiyar"]
[Black "Ilkhomi, Jaloliddin"]
[WhiteFideId "13701797"]
[BlackFideId "14700948"]
[WhiteElo "2316"]
[BlackElo "1997"]
[Result "0-1"]
[Round "01"]
[TimeControl "180+2"]
[Date "2023.01.10"]
[WhiteClock "0:00:03"]
[BlackClock "0:00:08"]

1. Nf3 Nf6 2. c4 e6 3. g3 b6 4. Bg2 Bb7 5. O-O Be7 6. Nc3 d5 7. cxd5 Nxd5 8. d4 O-O 9. Re1 c5 10. e4 Nxc3 11. bxc3 cxd4 12. cxd4 Nc6 13. Bb2 Na5 14. Rc1 Rc8 15. Qd3 Bf6 16. h4 Qd7 17. g4 Rfd8 18. g5 Be7 19. Ne5 Qd6 20. Qf3 f6 21. gxf6 Bxf6 22. Rcd1 Bxe5 23. dxe5 Qe7 24. Ba3 Qf7 25. Bd6 Nc4 26. Qg4 Rc6 27. Bh3 Bc8 28. Bb4 Re8 29. f4 a5 30. Bc3 Qg6 31. Bd4 Rc7 32. f5 Qxg4+ 33. Bxg4 Rce7 34. f6 Rf7 35. Rf1 Bb7 36. Bh5 g6 37. Bg4 Bxe4 38. Rc1 b5 39. Be3 Nxe3 40. Rfe1 Nxg4 41. Rxe4 h5 42. Rc6 Rd7 43. Rb6 Kf7 44. Rxb5 Rd1+ 45. Kg2 Red8 46. Re2 R1d2 47. Kf3 R8d3+ 0-1


[Site "https://www.chess.com"]

[Event "Titled Tuesday Blitz January 10 Early 2023"]
[White "Klukin, Kirill"]
[Black "Quinones Garcia, Santiago"]
[WhiteFideId "24199273"]
[BlackFideId "4408497"]
[WhiteElo "2390"]
[BlackElo "2248"]
[Result "0-1"]
[Round "01"]
[TimeControl "180+2"]
[Date "2023.01.10"]
[WhiteClock "0:00:17"]
[BlackClock "0:00:16"]

1. b3 e5 2. Bb2 Nc6 3. g3 Nf6 4. Bg2 Bd6 5. e3 O-O 6. Ne2 Re8 7. O-O Bf8 8. d4 d5 9. Nd2 Bf5 10. c4 e4 11. Nc3 Nb4 12. cxd5 Nbxd5 13. Nc4 c6 14. Ne5 Bd6 15. Nxd5 Nxd5 16. a3 Re6 17. Qe2 Qc8 18. f3 exf3 19. Bxf3 Bxe5 20. Bxd5 cxd5 21. Rxf5 Bd6 22. Rxd5 Qc6 23. Rf5 Rae8 24. d5 Qc5 25. dxe6 Qxf5 26. exf7+ Qxf7 27. b4 b6 28. Bd4 Be5 29. Rf1 Qe6 30. Bxe5 Qxe5 31. Rf3 Qa1+ 32. Kg2 h6 33. Qc4+ Kh8 34. Qf7 Rc8 35. e4 Qb2+ 36. Kh3 Qe5 37. Qf8+ Rxf8 38. Rxf8+ Kh7 39. Rf4 Qc3 40. e5 Qxe5 41. a4 Qc3 42. b5 Qb3 43. Kg4 Kg6 44. h4 h5+ 45. Kh3 Qc3 46. Kg2 Qa5 47. Kh3 a6 48. bxa6 Qxa6 49. Kg2 Qa5 50. Kh3 Qc5 51. Kg2 Qc2+ 52. Kh3 Qd1 53. Kh2 Qe2+ 54. Kh3 Qe1 55. Kg2 Qd2+ 56. Kh3 Qxf4 57. gxf4 Kf5 58. Kg3 Ke4 59. f5 Kxf5 60. Kf3 g6 61. Ke3 Kg4 62. Kd4 Kxh4 63. Kc4 g5 64. Kb5 g4 65. Kxb6 g3 66. a5 g2 67. a6 g1=Q+ 68. Kb7 Qa1 69. a7 Qxa7+ 70. Kxa7 Kg3 0-1


[Site "https://www.chess.com"]

[Event "Titled Tuesday Blitz January 10 Early 2023"]
[White "Sargissyan, Sargis"]
[Black "Wagner, Dennis"]
[WhiteFideId "13303210"]
[BlackFideId "24650684"]
[WhiteElo "2234"]
[BlackElo "2595"]
[Result "0-1"]
[Round "01"]
[TimeControl "180+2"]
[Date "2023.01.10"]
[WhiteClock "0:00:03"]
[BlackClock "0:00:18"]

1. e4 c5 2. Nf3 d6 3. d4 cxd4 4. Nxd4 Nf6 5. Nc3 a6 6. f4 e5 7. Nf3 Nbd7 8. a4 Qc7 9. Bd3 Be7 10. O-O O-O 11. Be3 Nc5 12. a5 Bd7 13. Qe2 Rfe8 14. Nd2 exf4 15. Bxf4 Bc6 16. Kh1 Rac8 17. Bg5 Nfd7 18. Qh5 Ne5 19. Be2 Bxg5 20. Qxg5 Qe7 21. Qg3 h6 22. Rf4 Qg5 23. Qxg5 hxg5 24. Rf2 f6 25. h3 Ne6 26. Nc4 Nd4 27. Nb6 Rcd8 28. Bd3 Ne6 29. Nbd5 Nc5 30. Rd1 Kf7 31. b4 Ne6 32. Kg1 Rc8 33. Nb6 Rcd8 34. Nbd5 Rh8 35. Rdf1 Rh6 36. Rf5 Rdh8 37. Be2 Nd4 38. Bd1 Nxf5 39. Rxf5 Rh4 40. Rf1 Bxd5 41. exd5 Rc4 0-1


[Site "https://www.chess.com"]

[Event "Titled Tuesday Blitz January 10 Early 2023"]
[White "Rakhmatullaev, Almas"]
[Black "Tworuszka, Michal"]
[WhiteFideId "14205793"]
[BlackFideId "1117858"]
[WhiteElo "2275"]
[BlackElo "2260"]
[Result "1-0"]
[Round "01"]
[TimeControl "180+2"]
[Date "2023.01.10"]
[WhiteClock "0:02:51"]
[BlackClock "0:01:17"]

1. e4 c5 2. c3 Nf6 3. e5 Nd5 4. d4 cxd4 5. Qxd4 e6 6. Nf3 Nc6 7. Qe4 d6 8. Bb5 Bd7 9. c4 Nc7 10. Bg5 Qc8 11. exd6 Bxd6 12. O-O O-O 13. Rd1 Be7 14. Bxe7 1-0


[Site "https://www.chess.com"]

[Event "Titled Tuesday Blitz January 10 Early 2023"]
[White "Gressmann, Moritz"]
[Black "Seo, Jung Min"]
[WhiteFideId "24695084"]
[BlackFideId "1734687"]
[WhiteElo "2129"]
[BlackElo "2494"]
[Result "0-1"]
[Round "01"]
[TimeControl "180+2"]
[Date "2023.01.10"]
[WhiteClock "0:00:12"]
[BlackClock "0:02:02"]

1. Nf3 Nf6 2. e3 c5 3. c4 Nc6 4. b3 g6 5. Bb2 Bg7 6. Be2 O-O 7. O-O b6 8. a3 Bb7 9. Qc2 Rc8 10. Nc3 d6 11. Rfd1 Qc7 12. d4 cxd4 13. exd4 Qb8 14. d5 Nd8 15. Qd2 Qa8 16. Qe3 Re8 17. Rab1 e6 18. dxe6 Nxe6 19. Qd2 Rcd8 20. Nb5 d5 21. cxd5 Rxd5 22. Qb4 Rxd1+ 23. Rxd1 Nd5 24. Qd2 Ndf4 25. Bxg7 Nxe2+ 26. Qxe2 Nxg7 27. Qd3 Be4 28. Qd7 Bxf3 29. gxf3 Qxf3 30. Nc7 Rf8 31. Rd3 Qe4 32. Rd4 Qe1+ 33. Kg2 Nf5 34. Rd3 Qe4+ 35. Kg1 Nh4 36. Nd5 Qg2# 0-1


[Site "https://www.chess.com"]

[Event "Titled Tuesday Blitz January 10 Early 2023"]
[White "Csonka, Balazs"]
[Black "Andreev, Konstantin"]
[WhiteFideId "742910"]
[BlackFideId "24239305"]
[WhiteElo "2496"]
[BlackElo "2195"]
[Result "0-1"]
[Round "01"]
[TimeControl "180+2"]
[Date "2023.01.10"]
[WhiteClock "0:00:02"]
[BlackClock "0:00:12"]

1. e4 c5 2. Nc3 Nc6 3. Bb5 e6 4. Nf3 Nge7 5. O-O a6 6. Bxc6 Nxc6 7. d4 cxd4 8. Nxd4 Be7 9. Bf4 d6 10. Nxc6 bxc6 11. e5 d5 12. Qg4 g5 13. Be3 h5 14. Qg3 c5 15. Rad1 Bb7 16. Ne4 d4 17. Nxg5 Qc7 18. Bf4 h4 19. Qg4 Rg8 20. Qxh4 O-O-O 21. Qg3 Qc6 22. h4 Rg7 23. c3 f6 24. exf6 Bxf6 25. cxd4 Bxd4 26. Be3 Be5 27. Rxd8+ Kxd8 28. Qg4 Ke7 29. Re1 Bxb2 30. Bxc5+ Qxc5 31. Qxe6+ Kd8 32. Qb3 Qc6 33. Ne6+ Kc8 34. Nf4 Rxg2+ 35. Kf1 Rg4 36. Qh3 Qc4+ 37. Re2 Qxf4 38. f3 Qxf3+ 39. Qxf3 Bxf3 40. Re6 Rxh4 41. Kf2 Bd5 42. Rxa6 Bd4+ 43. Kg3 Re4 44. Ra5 Bc6 45. Rh5 Kd7 46. Rh7+ Kd6 47. Rh6+ Kd5 48. Rh5+ Be5+ 49. Kf2 Kd4 50. Rh7 Bd5 51. Rd7 Rf4+ 52. Ke2 Rg4 53. Rd8 Rg2+ 54. Kf1 Rxa2 55. Rd7 Ke4 56. Re7 Bc4+ 57. Kg1 Bd3 58. Re8 Kd4 59. Rd8+ Ke3 60. Re8 Ke4 61. Re7 Be2 62. Kf2 Bf3+ 63. Kg1 Kf4 64. Rf7+ Kg3 65. Ra7 Rxa7 0-1


[Site "https://www.chess.com"]

[Event "Titled Tuesday Blitz January 10 Early 2023"]
[White "Degtiarev, Evgeny"]
[Black "Boyer, Mahel"]
[WhiteFideId "4149610"]
[BlackFideId "45102422"]
[WhiteElo "2385"]
[BlackElo "2489"]
[Result "0-1"]
[Round "01"]
[TimeControl "180+2"]
[Date "2023.01.10"]
[WhiteClock "0:00:09"]
[BlackClock "0:00:05"]

1. d4 Nf6 2. c4 c6 3. Nc3 d5 4. Nf3 e6 5. e3 Nbd7 6. Bd3 Bd6 7. O-O dxc4 8. Bxc4 b5 9. Bd3 a6 10. a3 O-O 11. b4 a5 12. Rb1 axb4 13. axb4 Qe7 14. Qb3 e5 15. e4 exd4 16. Nxd4 Bxh2+ 17. Kxh2 Qe5+ 18. f4 Qxd4 19. Be2 Nb6 20. e5 Ng4+ 21. Bxg4 Bxg4 22. Bb2 Qc4 23. Qc2 Nd5 24. Qd2 Nxc3 25. Qxc3 Qxc3 26. Bxc3 Ra2 27. Rb2 Ra3 28. Bd2 Rd8 29. Rc1 Rad3 30. Be1 h5 31. Rxc6 R8d4 32. Rc5 Rxf4 33. Rxb5 Rf1 34. Bd2 Rf2 35. Bc1 Rf1 36. Bd2 h4 37. Rc5 h3 38. Rc3 hxg2 39. Kxg2 Bh3+ 40. Kh2 Rf2+ 41. Kg1 Rfxd2 42. Rxd2 Rxd2 43. Rxh3 Re2 44. b5 Rxe5 45. Rb3 Re7 46. Kf2 f5 47. b6 Rb7 48. Ke3 Kf7 49. Kd4 Kf6 50. Kc5 g5 51. Kc6 Rb8 52. Kc7 Rh8 53. b7 f4 54. Rb6+ Kf5 55. Rd6 f3 56. Rd8 Rh7+ 57. Rd7 Rh8 58. Rd8 Rxd8 59. Kxd8 f2 60. b8=Q f1=Q 61. Qd6 Qf4 62. Qf8+ Ke4 63. Qe7+ Qe5 64. Qh7+ Qf5 65. Qh1+ Qf3 66. Qe1+ Qe3 67. Qh1+ Kd3 68. Qh7+ Qe4 69. Qh3+ Ke2 70. Qh2+ Kf3 71. Qh1+ Kf4 72. Qf1+ Qf3 73. Qc1+ Qe3 74. Qc4+ Ke5 75. Qf7 Qd4+ 76. Ke8 Qd6 77. Qg7+ Qf6 78. Qc7+ Kf5 79. Qc2+ Ke6 80. Qe2+ Qe5 81. Qg4+ Kf6+ 82. Kd8 Qd5+ 83. Kc7 Qe5+ 84. Kb7 Qe7+ 85. Ka8 Qe8+ 86. Kb7 Qe7+ 87. Ka8 Qe6 88. Qf3+ Kg6 89. Kb8 g4 90. Qf4 Qe8+ 91. Kc7 Qf7+ 92. Qxf7+ Kxf7 93. Kd6 g3 0-1


[Site "https://www.chess.com"]

[Event "Titled Tuesday Blitz January 10 Early 2023"]
[White "Krysa, Leandro"]
[Black "Gatterer, Florian"]
[WhiteFideId "116807"]
[BlackFideId "811688"]
[WhiteElo "2541"]
[BlackElo "2170"]
[Result "1-0"]
[Round "01"]
[TimeControl "180+2"]
[Date "2023.01.10"]
[WhiteClock "0:00:55"]
[BlackClock "0:00:56"]

1. e4 c5 2. Nf3 e6 3. d4 cxd4 4. Nxd4 Nf6 5. Nc3 Nc6 6. a3 Be7 7. Nxc6 bxc6 8. e5 Nd5 9. Qg4 g6 10. Ne4 f5 11. exf6 Nxf6 12. Nxf6+ Bxf6 13. h4 Qa5+ 14. c3 Qf5 15. Qg3 Be5 16. f4 Qe4+ 17. Qe3 Qxe3+ 18. Bxe3 Bf6 19. h5 Kf7 20. Bd3 a5 21. O-O-O d5 22. hxg6+ hxg6 23. Rxh8 Bxh8 24. Rh1 Bg7 25. Rh7 Ba6 26. Bxa6 Kg8 27. Rxg7+ Kxg7 28. Bd3 Kf7 29. Bd4 c5 30. Bxc5 Rh8 31. b4 axb4 32. cxb4 Rh1+ 33. Kb2 Rh2 34. b5 Rxg2+ 35. Kb3 Rh2 36. b6 Rh8 37. Bd6 Rd8 38. b7 Rxd6 39. b8=Q Rb6+ 40. Qxb6 1-0


[Site "https://www.chess.com"]

[Event "Titled Tuesday Blitz January 10 Early 2023"]
[White "Gjestemoen-VonHirsch, Andre"]
[Black "Skvortsov, Andrei"]
[WhiteFideId "1539531"]
[BlackFideId "24108600"]
[WhiteElo "2314"]
[BlackElo "2313"]
[Result "0-1"]
[Round "01"]
[TimeControl "180+2"]
[Date "2023.01.10"]
[WhiteClock "0:00:03"]
[BlackClock "0:00:12"]

1. b3 a5 2. a3 e5 3. Bb2 Nc6 4. e3 Nge7 5. Bb5 Ng6 6. c4 Na7 7. Qe2 Rb8 8. Nc3 Be7 9. Nf3 O-O 10. O-O e4 11. Nd4 f5 12. f3 exf3 13. Rxf3 d6 14. b4 Ne5 15. Rff1 Nxb5 16. Ncxb5 Ra8 17. Nf3 Nf7 18. d4 Bf6 19. Nc3 Re8 20. Qd3 c6 21. e4 fxe4 22. Nxe4 Bf5 23. Nfd2 Bg6 24. Nxf6+ Qxf6 25. Qc3 Qg5 26. Rf3 axb4 27. axb4 Rxa1+ 28. Bxa1 Re1+ 29. Nf1 Qc1 30. Bb2 Qxc3 31. Bxc3 d5 32. cxd5 cxd5 33. Re3 Rxe3 34. Nxe3 Be4 35. b5 Nd6 36. b6 Nc8 37. Ba5 Kf7 38. Nd1 Nd6 39. Nc3 Nc4 40. Bb4 Nxb6 41. Nb5 Nc8 42. Kf2 Ke6 43. g3 Kd7 44. Ke3 Kc6 45. Nc3 Bg6 46. Ne2 Bf7 47. Kd2 Nd6 48. Nf4 Ne4+ 49. Ke3 Kb5 50. Be1 Nf6 51. Nd3 Ng4+ 52. Kf4 Nxh2 53. Ne5 Be6 54. g4 Nf1 55. Kf3 g6 56. Kf2 Nh2 57. Kg3 Nxg4 58. Nxg4 Kc4 59. Nf6 h6 60. Bd2 g5 61. Ne8 Kxd4 62. Nc7 Bd7 63. Kf3 b5 64. Be3+ Kc4 65. Na8 Bc6 66. Nb6+ Kd3 67. Kf2 d4 68. Bc1 b4 69. Na4 Bxa4 0-1


[Site "https://www.chess.com"]

[Event "Titled Tuesday Blitz January 10 Early 2023"]
[White "Arabidze, Meri"]
[Black "Qashashvili, Alexandre"]
[WhiteFideId "13604040"]
[BlackFideId "13600842"]
[WhiteElo "2441"]
[BlackElo "2505"]
[Result "1-0"]
[Round "01"]
[TimeControl "180+2"]
[Date "2023.01.10"]
[WhiteClock "0:00:15"]
[BlackClock "0:00:01"]

1. Nf3 c6 2. g3 d5 3. Bg2 Nf6 4. O-O Bf5 5. b3 Qc8 6. Re1 Bh3 7. Bh1 h5 8. d3 h4 9. e4 hxg3 10. fxg3 dxe4 11. dxe4 Nbd7 12. e5 Nd5 13. c4 N5b6 14. e6 fxe6 15. Ng5 Bf5 16. Nc3 Nf6 17. Bf4 Qd7 18. Qxd7+ Nbxd7 19. Nxe6 Bxe6 20. Rxe6 Kf7 21. Re2 e5 22. Be3 Ng4 23. Rf1+ Ndf6 24. Ne4 Nxe3 25. Rxe3 Rd8 26. Bg2 Kg8 27. Re2 Nxe4 28. Bxe4 Bc5+ 29. Kg2 Rf8 30. Rxf8+ Kxf8 31. Bg6 Bd4 32. Re1 Ke7 33. h4 Rf8 34. Re2 Ke6 35. g4 Rf4 36. Bf5+ Kf6 37. Kg3 g6 38. Bc8 b6 39. Bb7 c5 40. Be4 Kf7 41. h5 gxh5 42. gxh5 Kf6 43. h6 Rf1 44. h7 Kg7 45. Rh2 Kh8 46. Rh6 Rf4 47. Bg6 Rf8 48. Rh5 Kg7 49. Be4 1-0


[Site "https://www.chess.com"]

[Event "Titled Tuesday Blitz January 10 Early 2023"]
[White "Chos, Alexey"]
[Black "Papasimakopoulos, Alexandros"]
[WhiteFideId "14117762"]
[BlackFideId "4244125"]
[WhiteElo "2296"]
[BlackElo "2401"]
[Result "1-0"]
[Round "01"]
[TimeControl "180+2"]
[Date "2023.01.10"]
[WhiteClock "0:00:50"]
[BlackClock "0:00:07"]

1. Nf3 d5 2. c4 e6 3. g3 Nf6 4. Bg2 Be7 5. O-O O-O 6. d4 c6 7. Nc3 Nbd7 8. Nd2 b6 9. e4 dxc4 10. Nxc4 Bb7 11. Bf4 c5 12. d5 exd5 13. exd5 Ba6 14. Qa4 Bxc4 15. Qxc4 Ne8 16. d6 Bxd6 17. Bxa8 Bxf4 18. Bg2 Be5 19. Rad1 Nef6 20. Qd3 Bd4 21. Nb5 Ne5 22. Qc2 Qd7 23. Nxd4 cxd4 24. Rfe1 Ng6 25. Qc4 Rd8 26. b3 Nf8 27. Qc6 Qxc6 28. Bxc6 Ne6 29. Bb5 g6 30. Bc4 Nd5 31. Bxd5 Rxd5 32. Rd2 Kg7 33. Red1 f5 34. f4 Kf6 35. Rc1 Nc5 36. Rcd1 Ne6 37. b4 a5 38. bxa5 Rxa5 39. Rc1 b5 40. Rc6 Kf7 41. Re2 Nd8 42. Rc7+ Kf6 43. Re8 Rxa2 44. Rxd8 Ra1+ 45. Kg2 Rd1 46. Rcd7 b4 47. Rxd4 Rc1 48. Rxb4 Rc2+ 49. Kf3 Kg7 50. Rd7+ Kf6 51. Rb6+ Rc6 52. Rxc6# 1-0


[Site "https://www.chess.com"]